 Dungeon Crawl Stone Soup version 0.19-a0-1251-gd6e46da (webtiles) character file.

502 TheGoonsmith the Conjurer (level 7, -1/36 HPs)
             Began as a Tengu Air Elementalist on Aug 27, 2016.
             Slain by an orc
             ... wielding a +0 hand axe
              (6 damage)
             ... on level 5 of the Dungeon.
             The game lasted 00:09:11 (4062 turns).

TheGoonsmith the Conjurer (Tengu Air Elementalist)  Turns: 4062, Time: 00:09:12

Health: -1/36      AC:  3    Str:  8    XL:     7   Next: 17%
Magic:  13/13      EV: 12    Int: 18    God:
Gold:   120        SH:  0    Dex: 14    Spells: 4 memorised, 2 levels left

rFire  . . .     SeeInvis .     u - +0 mace
rCold  . . .     Gourm    .     s - +0 robe (curse)
rNeg   . . .     Faith    .     (no shield)
rPois  .         Spirit   .     (helmet restricted)
rElec  .         Dismiss  .     (no cloak)
rCorr  .         Reflect  .     r - +0 pair of gloves
MR     .....     Harm     .     (boots unavailable)
Stlth  ++........               (no amulet)
                                (no ring)
                                v - ring of wizardry

@: no status effects
A: beak, talons 3, able to fly 1
a: Fly


You were on level 5 of the Dungeon.
You were hungry.

You visited 1 branch of the dungeon, and saw 6 of its levels.

You collected 120 gold pieces.

Inventory:

Hand Weapons
 d - a +0 dagger
 h - a +0 mace
 u - a +0 mace (weapon)
Armour
 a - a +0 robe
 j - a +0 pair of boots
 r - a +0 pair of gloves (worn)
 s - a cursed +0 robe (worn)
Jewellery
 v - a ring of wizardry (left hand)
Scrolls
 e - a scroll of identify
 g - a scroll of amnesia {unknown}
Potions
 i - a potion of cure mutation {unknown}
 l - a potion of magic {unknown}
 n - a potion of agility {unknown}
 p - a potion of cancellation
 q - a potion of heal wounds {unknown}
 t - a potion of might
 z - a potion of flight {unknown}
 A - a potion of mutation {unknown}
 C - a potion of invisibility {unknown}
Books
 b - a book of Air

   Spells                             Type                      Level
   a - Shock                          Conjuration/Air              1
   b - Swiftness                      Charms/Air                   2
   c - Repel Missiles                 Charms/Air                   2
   d - Static Discharge               Conjuration/Air              3
   e - Lightning Bolt                 Conjuration/Air              5
Comestibles
 c - 3 bread rations
 f - a chunk of flesh
 k - 2 slices of pizza
 w - a royal jelly
 x - a beef jerky


   Skills:
 - Level 2.1 Dodging
 - Level 2.0 Stealth
 + Level 3.6 Spellcasting
 * Level 6.8 Conjurations
 + Level 6.4 Air Magic


You had 2 spell levels left.
You knew the following spells:

 Your Spells              Type           Power        Failure   Level  Hunger
a - Shock                 Conj/Air       ####         1%          1    None
f - Lightning Bolt        Conj/Air       ####......   12%         5    ######.
r - Repel Missiles        Chrm/Air       ##....       3%          2    ##.....
s - Static Discharge      Conj/Air       ####....     1%          3    ###....


Dungeon Overview and Level Annotations

Branches:
Dungeon (6/15)
 Temple: D:4-7

Altars:
Makhleb
Nemelex Xobeh
Qazlal
Uskayaw

Annotations:
D:4 Blork the orc


Innate Abilities, Weirdness & Mutations

You have a beak for a mouth.
You have claws for feet.
You can fly.


Message History

An orc comes into view. It is wielding a hand axe.
Okay, then.
The orc shouts!
The orc priest shouts!
You sock the orc warrior! You claw the orc warrior.
The orc warrior is moderately wounded.
The orc hits you with a hand axe.
* * * LOW HITPOINT WARNING * * *
The orc warrior barely misses you. The orc hits you but does no damage.
An adder zombie comes into view.
Okay, then.
The adder zombie moves out of view.
The orc warrior barely misses you. The orc barely misses you.
You climb upwards.
There is a stone staircase leading down here.
It was a potion of cancellation.
Your magical effects are unravelling.
You feel magically purged.
You feel a little less mighty now. The orc warrior barely misses you.
The orc hits you with a hand axe.
You die...

*******,,,,*,* ####.###### ***
*,,,,,,,,,**,* ##.......# *
*,*****,****,* #.###.##.# *
*,*****,,,,..######.# *..#,******
*,**,,,,,,,#........#**,...,,,,,,
*,**,*****,#.#####.#...###.#*****
*,**,*****,*,*#....###.....# *
*,,,,,,,,,,,,*#.o..# **###*#
,,,*,*****,***#.@o###
,,,,,,,,,,,* #..รท..#
,,,,,,,,,,,* #..##.#
,,,,*****,*** #..#*.#
,**,*,,,>,,,* #...*,#
,*,**,*,,,,,* #.#.*,*
,,,**,,,,,,,* #.*.*,*
,**>,**,,,,,* #.,..,*
***,,**,,,,,**##*,***


You could see an orc warrior and an orc.

Vanquished Creatures
  2 giant frogs
  3 hounds
  An orc wizard (D:3)
  A giant frog skeleton (D:6)
  A worker ant (D:6)
  8 adders
  3 gnolls (D:3)
  An ooze (D:2)
  2 worms (D:3)
  4 dart slugs
  4 giant geckos
  5 orcs
  A ball python (D:1)
  9 bats
  6 giant cockroaches
  7 goblins
  9 hobgoblins
  6 giant newts
  9 kobolds
  8 rats
90 creatures vanquished.

Notes
Turn   | Place    | Note
-------+----------+-------------------------------------------
     0 | D:1      | TheGoonsmith the Tengu Air Elementalist began the quest for the Orb.
     0 | D:1      | Reached XP level 1. HP: 10/10 MP: 4/4
   499 | D:1      | Reached XP level 2. HP: 11/15 MP: 0/6
   835 | D:1      | Reached XP level 3. HP: 19/19 MP: 4/7
   976 | D:1      | Learned a level 3 spell: Static Discharge
   979 | D:1      | Learned a level 2 spell: Repel Missiles
  1171 | D:2      | Found a stormy altar of Qazlal.
  1558 | D:2      | Reached XP level 4. HP: 24/24 MP: 6/8
  1585 | D:2      | Found a sparkling altar of Nemelex Xobeh.
  1838 | D:2      | Reached skill level 5 in Air Magic
  2283 | D:3      | Gained mutation: You can fly. [Tengu growth]
  2283 | D:3      | Reached XP level 5. HP: 28/28 MP: 8/10
  2931 | D:3      | Reached skill level 5 in Conjurations
  3164 | D:3      | Reached XP level 6. HP: 32/32 MP: 8/11
  3194 | D:3      | Learned a level 5 spell: Lightning Bolt
  3428 | D:4      | Noticed Blork the orc
  3620 | D:4      | Found a burning altar of Makhleb.
  3620 | D:4      | Noticed a green death
  3637 | D:5      | Entered Level 5 of the Dungeon
  3662 | D:5      | Found a hide-covered altar of Uskayaw.
  3730 | D:5      | Found a burning altar of Makhleb.
  3831 | D:6      | Noticed an orc warrior
  3840 | D:6      | Reached XP level 7. HP: 18/36 MP: 4/13
  4062 | D:5      | Slain by an orc

Vault maps used:
D:1:      sevenhm_arrival_forest_fort_small_4
D:2:      nemelex_xobeh_ov_fountains_minmay, nicolae_qazlal_general_emergency
D:4:      minmay_crystal_water, makhleb_altar_promises_db, uniq_blork_the_orc
D:5:      eat_drink_and_be_merry_uskayaw, first_bread, basic_altar, st_stairs_7
D:6:      lemuel_round_altar, old_standard_altar,
          hangedman_abyss_or_decor_passed

Skill      XL: |  1  2  3  4  5  6 |
---------------+-------------------+-----
Conjurations   | 2 3 4 5 6 |  6.8
Air Magic      | 5 6 |  6.4
Spellcasting   | 3 |  3.6
Dodging        | |  2.1
Stealth        | |  2.0

Action                   |  1- 3 |  4- 6 |  7- 9 || total
-------------------------+-------+-------+-------++-------
Melee: Dagger            |    29 |       |       ||    29
       Kick              |     3 |       |     4 ||     7
       Peck              |     1 |       |     3 ||     4
       Mace              |       |     1 |     6 ||     7
 Cast: Shock             |    61 |   130 |     2 ||   193
       Repel Missiles    |     1 |       |       ||     1
       Static Discharge  |       |     6 |       ||     6
 Abil: Fly               |       |     1 |       ||     1
  Use: Scroll            |       |     5 |       ||     5
       Potion            |       |       |     6 ||     6
  Eat: Chunk             |     3 |     4 |       ||     7
       Bread ration      |       |     1 |       ||     1
Armor: Robe              |    12 |     2 |     2 ||    16
Dodge: Dodged            |    24 |    15 |    17 ||    56
       Deflected         |       |     2 |       ||     2
